 Dungeon Crawl Stone Soup version 0.22.0-49-gab54619 (webtiles) character file.

43 dvd the Caller (level 3, -1/24 HPs)
             Began as a Demonspawn Summoner on Sept 4, 2018.
             Slain by a shadow imp (4 damage)
             ... summoned by Natasha
             ... on level 2 of the Dungeon.
             The game lasted 00:04:20 (1987 turns).

dvd the Caller (Demonspawn Summoner)                Turns: 1987, Time: 00:04:20

Health: -1/24      AC:  2    Str:  8    XL:     3   Next: 37%
Magic:  10/15      EV: 15    Int: 17    God:
Gold:   111        SH:  0    Dex: 13    Spells: 3/6 levels left

rFire    . . .     SeeInvis .   g - +1 dagger (speed)
rCold    . . .     Gourm    .   (no shield)
rNeg     . . .     Faith    .   a - +0 robe
rPois    .         Spirit   .   (helmet restricted)
rElec    .         Reflect  .   (no cloak)
rCorr    .         Harm     .   (no gloves)
MR       .....                  (no boots)
Stlth    ++........             (no amulet)
HPRegen  0.08/turn              j - ring of magical power
MPRegen  0.14/turn              l - +3 ring of evasion

@: no status effects
A: horns 2
a: no special abilities


You were on level 2 of the Dungeon.
You were hungry.

You visited 1 branch of the dungeon, and saw 2 of its levels.

You collected 111 gold pieces.

Inventory:

Hand Weapons
 g - a +1 dagger of speed (weapon)
Armour
 a - a +0 robe (worn)
Jewellery
 j - a ring of magical power (left hand)
 l - a +3 ring of evasion (right hand)
Scrolls
 e - 2 scrolls of fog {unknown}
 k - a scroll of magic mapping {unknown}
 m - a scroll of enchant armour {unknown}
 n - 3 scrolls of amnesia {unknown}
Potions
 b - a potion of agility {unknown}
 d - a potion of lignification {unknown}
 f - 2 potions of degeneration {unknown}
 h - a potion of brilliance {unknown}
 i - a potion of curing {unknown}
 o - a potion of ambrosia {unknown}
 p - a potion of invisibility {unknown}
Comestibles
 c - 6 rations


   Skills:
 + Level 0.2 Short Blades
 + Level 1.9 Dodging
 + Level 2.0 Stealth
 + Level 2.4 Spellcasting
 + Level 4.7 Summonings


You had 3 spell levels left.
You knew the following spells:

 Your Spells              Type           Power        Failure   Level  Hunger
a - Summon Small Mammal   Summ           ###.         2%          1    #......
b - Call Imp              Summ           ###.....     4%          2    ##.....

Your spell library contained the following spells:

 Spells                   Type           Power        Failure   Level  Hunger
 Call Canine Familiar     Summ           ###.....     8%          3    ###....
 Summon Guardian Golem    Hex/Summ       ##......     21%         3    ###....
 Summon Ice Beast         Ice/Summ       ##......     56%         4    #####..
 Summon Lightning Spire   Summ/Air       ##......     56%         4    #####..


Dungeon Overview and Level Annotations

Branches:
Dungeon (2/15)

Altars:
Gozag

Annotations:
D:2 Natasha


Innate Abilities, Weirdness & Mutations

You have a pair of horns on your head.


Message History

Unknown command.
Natasha casts a spell.
Your rat bites Natasha.
Unknown command.
You hit Natasha. Your headbutt misses Natasha.
Natasha is lightly wounded.
The ooze misses your rat.
Unknown command.
You barely miss Natasha.
Natasha is lightly wounded.
The shadow imp puffs mist at you.
Your rat closely misses Natasha.
Your rat bites Natasha but does no damage.
Natasha claws you.
* * * LOW HITPOINT WARNING * * *
The ooze hits your rat.
You closely miss Natasha. You headbutt Natasha.
Natasha is moderately wounded.
Your shadow imp hits Natasha.
The shadow imp hits you.
You die...

#....#.#......#
#
#.##...#..##....
# #.#.##.###...#
### #.#..#.#
#...#
#.##.#.###+#+#.
#.##'#.#.......
#......#.....J.
##.....#.h.5...
#...5@#!....g.
#...rh#......#
#...5rJ5.....#
#.....#5......
##########+##.


You could see Natasha, an ooze, a shadow imp, a friendly crimson imp, a friendly
shadow imp and 2 friendly rats.

Vanquished Creatures
  An adder (D:2)
  2 leopard geckos (D:2)
  A bat (D:2)
  2 hobgoblins
  A jackal (D:2)
  A kobold (D:2)
8 creatures vanquished.

Vanquished Creatures (collateral kills)
  A centaur skeleton (D:2)
  A leopard gecko (D:2)
  3 goblins
  3 hobgoblins (D:1)
  2 jackals (D:2)
  3 kobolds
  A bat (D:2)
  4 rats (D:2)
18 creatures vanquished.

Grand Total: 26 creatures vanquished

Notes
Turn   | Place    | Note
-------+----------+-------------------------------------------
     0 | D:1      | dvd the Demonspawn Summoner began the quest for the Orb.
     0 | D:1      | Reached XP level 1. HP: 13/13 MP: 3/3
  1072 | D:2      | Gained mutation: You have a pair of small horns on your
                  | head. [demonic ancestry]
  1072 | D:2      | Reached XP level 2. HP: 6/19 MP: 1/5
  1412 | D:2      | Found an opulent altar of Gozag.
  1499 | D:2      | Learned a level 2 spell: Call Imp
  1570 | D:2      | Gained mutation: You have a pair of horns on your head.
                  | [demonic ancestry]
  1570 | D:2      | Reached XP level 3. HP: 4/24 MP: 5/6
  1978 | D:2      | Noticed Natasha
  1987 | D:2      | Slain by a shadow imp

Skill      XL: |  1  2 |
---------------+-------+-----
Stealth        | 2 |  2.0
Short Blades   | |  0.2
Dodging        | |  1.9
Spellcasting   | |  2.4
Summonings     | |  4.7

Action                   || total
-------------------------++-------
Melee: Dagger            ||    49
       Unarmed           ||     7
       Headbutt          ||     3
 Cast: Summon Small Mamm ||    41
       Call Imp          ||     3
 Stab: Sleeping          ||     2
  Eat: Chunk             ||     3
Armor: Robe              ||    12
Dodge: Dodged            ||    38
